[Event "*** Titled Tuesday Blitz"]
[Site "Chess.com"]
[Date "2020.04.28"]
[Round "7"]
[White "Noam_Vitenberg"]
[Black "Aygehovit1992"]
[Result "0-1"]
[WhiteElo "2501"]
[BlackElo "2674"]
[TimeControl "180+1"]
[EndTime "11:17:32 PDT"]
[Termination "Aygehovit1992 won by checkmate"]

1. d4 d6 2. e4 Nf6 3. Nc3 g6 4.
Be3 c6 5. Qd2 b5 6. f3 Nbd7 7.
Bd3 Nb6 8. Nge2 Bg7 9. Bh6 O-O 10. h4 b4 11. Nd1 c5 12. Bxg7 Kxg7 13. e5 Nh5 14. g4 c4 15. Be4 d5 16. gxh5 dxe4 17. fxe4 Bg4 18. hxg6 fxg6 19. Ne3 Bf3 20. Rh3 Bxe4 21.
Ng4 Qd7 22. Qg5 Bf3 23. Rg3 Bxe2 24. Kxe2 Qxd4 25. h5 Nd5 26. Rd1 Nf4+ 27. Ke1 Qe4+ 28. Kd2 Rad8+ 29. Rd3 cxd3 30. Qxe7+ Kh8 31. c3 Qe2+ 32. Kc1 Qc2# 0-1

[Event "*** Titled Tuesday Blitz"]
[Site "Chess.com"]
[Date "2020.04.28"]
[Round "7"]
[White "Aikiigm"]
[Black "elisak43"]
[Result "0-1"]
[WhiteElo "2502"]
[BlackElo "2404"]
[TimeControl "180+1"]
[EndTime "11:17:32 PDT"]
[Termination "elisak43 won by resignation"]

1. d4 Nf6 2. Bf4 e6 3. Nf3 d5 4. c4 Nbd7 5. Nbd2 c6 6. Qc2 Be7 7. g3 O-O 8. Bg2 Nh5 9. O-O Nxf4 10. gxf4 b6 11. e3 Ba6 12. Rfc1 Bb7 13. f5 dxc4 14. fxe6 fxe6 15. Qxc4 c5 16. Qxe6+ Kh8 17. Nc4 Bxf3 18. Bxf3 Rxf3 19. Rd1 Qe8 20. dxc5 Nxc5 21. Qg4 Qg6 22.
Qxg6 hxg6 23. Ne5 Rf6 24. Rd4 Kg8 25. Rg4 g5 26. Rxg5 Rxf2 27. Rxg7+ Kxg7 28. Kxf2 Rf8+ 29. Ke2 Ne4 30. Rg1+ Kh7 31. Nd3 Nc5 32. Nf4 Ne4 33. Kd3 Nf2+ 34. Ke2 Ne4 35. Kd3 Nf6 36. Rg3 Rd8+ 37.
Ke2 Ne4 38. Rh3+ Kg8 39. Kf3 Ng5+ 40. Kg4 Nxh3 41. Kxh3 Rd2 42. Ng6 Bd6 43. Ne5 Bxe5 0-1

[Event "*** Titled Tuesday Blitz"]
[Site "Chess.com"]
[Date "2020.04.28"]
[Round "7"]
[White "Ranindu2003"]
[Black "NZT72"]
[Result "1-0"]
[WhiteElo "2536"]
[BlackElo "2398"]
[TimeControl "180+1"]
[EndTime "11:17:33 PDT"]
[Termination "Ranindu2003 won by resignation"]

1. e4 e5 2. Nf3 Nc6 3. Bb5 Nf6 4. O-O Nxe4 5. d4 Nd6 6. dxe5 Nxb5 7. a4 Nbd4 8. Nxd4 Nxd4 9. Qxd4 d5 10. a5 Be7 11.
Nc3 c6 12. Be3 O-O 13. Qd3 g6 14. Ne2 Bf5 15. Qd2 c5 16. Ng3 Be6 17. c3 h5 18. Bh6 Re8 19. f4 h4 20. f5 hxg3 21. fxe6 fxe6 22. Qf4 Kh7 23. hxg3 Qd7 24. g4 c4 25. Qh2 Bc5+ 26. Be3+ Kg8 27. Bxc5 1-0

[Event "*** Titled Tuesday Blitz"]
[Site "Chess.com"]
[Date "2020.04.28"]
[Round "7"]
[White "CalinGheorghiu"]
[Black "Muguet7"]
[Result "1-0"]
[WhiteElo "2346"]
[BlackElo "2462"]
[TimeControl "180+1"]
[EndTime "11:17:33 PDT"]
[Termination "CalinGheorghiu won by resignation"]

1. d4 Nf6 2. c4 e6 3. Nc3 Bb4 4. f3 d5 5. a3 Bxc3+ 6. bxc3 c5 7. cxd5 exd5 8. e3 b6 9. Bd3 O-O 10. Ne2 Ba6 11. O-O Re8 12. Ng3 h5 13. Nh1 Qd6 14. Nf2 Bxd3 15. Qxd3 Nc6 16. Ra2 Na5 17. e4 dxe4 18. fxe4 cxd4 19. cxd4 Qc6 20. Rc2 Qb7 21.
e5 Nd5 22. Nh3 Re6 23. Ng5 Rh6 24. Nxf7 Rc6 25. Ng5 g6 26. Rf7 Qc8 27. e6 1-0

[Event "*** Titled Tuesday Blitz"]
[Site "Chess.com"]
[Date "2020.04.28"]
[Round "7"]
[White "Phenix2k"]
[Black "Warerman"]
[Result "0-1"]
[WhiteElo "2281"]
[BlackElo "2453"]
[TimeControl "180+1"]
[EndTime "11:17:33 PDT"]
[Termination "Warerman won by resignation"]

1. d4 Nf6 2. c4 e6 3. Nc3 d5 4. cxd5 exd5 5. Bg5 Be7 6. e3 c6 7.
Bd3 Nbd7 8. Qc2 O-O 9. Nge2 Re8 10.
O-O-O Nf8 11. Kb1 Be6 12. f3 c5 13. g4 c4 14. Bf5 g6 15. Bxe6 Nxe6 16. Bxf6 Bxf6 17. h4 b5 18. h5 b4 19. Na4 Rb8 20.
Ng3 b3 21. axb3 Rxb3 22. hxg6 hxg6 23. Rh6 Bg7 24. Rdh1 Qg5 25. Rh7 Qxe3 26. Qh2 Qxd4 27. Rxg7+ Qxg7 28. Nf5 gxf5 29. gxf5 Ng5 30. f4 Nf3 31.
Qc2 Re1+ 32. Rxe1 Nxe1 33. Qe2 Nd3 34. f6 Qg1+ 0-1

[Event "*** Titled Tuesday Blitz"]
[Site "Chess.com"]
[Date "2020.04.28"]
[Round "7"]
[White "Tashik"]
[Black "francyIM"]
[Result "0-1"]
[WhiteElo "2541"]
[BlackElo "2716"]
[TimeControl "180+1"]
[EndTime "11:17:34 PDT"]
[Termination "francyIM won by checkmate"]

1. c4 Nf6 2. Nc3 e5 3. Nf3 Nc6 4. e4 Bc5 5. Nxe5 Nxe5 6. d4 Bb4 7. dxe5 Nxe4 8. Qf3 Nxc3 9. bxc3 Ba5 10. Qg3 Qe7 11. Be2 O-O 12. O-O d6 13. Ba3 Re8 14. f4 c5 15. Bh5 dxe5 16. fxe5 Be6 17. Rf4 g6 18. Raf1 Kh8 19. Bg4 Bxg4 20. Qxg4 Bxc3 21. Rxf7 Bd4+ 22. Kh1 Qxe5 23. Bc1 Re7 24. Qh4 Rxf7 25. Rxf7 h5 26. h3 Re8 27. Bd2 Kg8 28. Rxb7 Rf8 29. Qg5 Rf1# 0-1

[Event "*** Titled Tuesday Blitz"]
[Site "Chess.com"]
[Date "2020.04.28"]
[Round "7"]
[White "enriquetejedor"]
[Black "rogapa"]
[Result "0-1"]
[WhiteElo "2511"]
[BlackElo "2738"]
[TimeControl "180+1"]
[EndTime "11:17:34 PDT"]
[Termination "rogapa won by resignation"]

1. e4 c5 2. Nf3 d6 3. d4 cxd4 4.
Nxd4 Nf6 5. Nc3 a6 6. Bg5 Nbd7 7. Qd2 h6 8. Bh4 e6 9. Bg3 b5 10. a3 Bb7 11. Bd3 Qb6 12. Nb3 Be7 13. O-O Nh5 14.
a4 Nxg3 15. hxg3 bxa4 16. Rxa4 h5 17. Na5 h4 18. Nxb7 Qxb7 19. gxh4 Nc5 20. Ra2 Bxh4 21. Rfa1 Bf6 22. Qe3 Bxc3 23. bxc3 O-O 24. e5 Qc7 25. exd6 Qxd6 26. Rd1 Qc7 27. Raa1 Rfd8 28. Rac1 a5 29. c4 a4 30. Rb1 a3 31. Rb5 Nxd3 32. cxd3 Qxc4 33.
dxc4 Rxd1+ 34. Kh2 a2 35. Rg5 a1=Q 36. Qh3 Rh1+ 37.
Kg3 Rxh3+ 38. Kxh3 0-1

[Event "*** Titled Tuesday Blitz"]
[Site "Chess.com"]
[Date "2020.04.28"]
[Round "7"]
[White "Aureliano-Buendia"]
[Black "Savagelittlemole"]
[Result "1-0"]
[WhiteElo "2437"]
[BlackElo "2588"]
[TimeControl "180+1"]
[EndTime "11:17:34 PDT"]
[Termination "Aureliano-Buendia won on time"]

1. d4 Nf6 2. c4 g6 3. Nc3 Bg7 4. e4 O-O 5. Be2 d6 6. Bg5 Nbd7 7. Qd2 c5 8. d5 a6 9. h4 Ne5 10. h5 Bg4 11. f3 Bd7 12. Bh6 Nxh5 13. g4 Ng3 14. Bxg7 Nxh1 15. Qh6 Ng3 16. Bxe5 dxe5 17.
Bd3 e6 18. Kf2 exd5 19. Nxd5 Nxe4+ 20. fxe4 Bxg4 21. Ne2 f5 22. Ke3 fxe4 23. Bxe4 Rf7 24. Rg1 Bxe2 25. Bxg6 Rf3+ 26. Kxe2 1-0

[Event "*** Titled Tuesday Blitz"]
[Site "Chess.com"]
[Date "2020.04.28"]
[Round "7"]
[White "MacDaddyMac"]
[Black "GodDMuhammad"]
[Result "0-1"]
[WhiteElo "2297"]
[BlackElo "2207"]
[TimeControl "180+1"]
[EndTime "11:17:35 PDT"]
[Termination "GodDMuhammad won by resignation"]

1. e4 c6 2. d4 d5 3. e5 Bf5 4. Nf3 e6 5. c3 c5 6. Bb5+ Nc6 7. a3 Qb6 8. Qa4 Ne7 9. O-O a6 10. Be2 cxd4 11. cxd4 Qa7 12. Be3 b5 13. Qd1 Bxb1 14. Rxb1 Nf5 15. b4 Nxe3 16. fxe3 Be7 17. Rc1 Rc8 18. h3 O-O 19. Nh2 Bg5 20. Ng4 h5 21.
h4 Bxh4 22. Nh2 g6 23. Bd3 Ne7 24. Nf3 Bg3 25. Ng5 Bxe5 26. Nxf7 Bxd4 27. Rxc8 Bxe3+ 28. Kh1 Nxc8 29. Bxg6 Qd4 30. Qxh5 Qg7 31. Nh6+ Bxh6 32.
Rxf8+ Kxf8 33. Qf3+ Ke7 34. Bh5 Nd6 35. Qf2 Ne4 36.
Qa7+ Kf6 37. Qd4+ e5 38. Qb6+ Kg5 39. Bf3 Qg6 40. Qd8+ Kf4 41. Qh4+ Ke3 42. Qe1+ Kd3 43. Qb1+ Kd4 44. Qa1+ Nc3 45. Qg1+ Be3 46. Qh2 Qb1+ 0-1

[Event "*** Titled Tuesday Blitz"]
[Site "Chess.com"]
[Date "2020.04.28"]
[Round "7"]
[White "monalize"]
[Black "ALEXJR20"]
[Result "1-0"]
[WhiteElo "2364"]
[BlackElo "2201"]
[TimeControl "180+1"]
[EndTime "11:17:36 PDT"]
[Termination "monalize won by resignation"]

1. e4 c5 2. Nf3 d6 3. d4 cxd4 4. Qxd4 Nf6 5. h3 g6 6. Be2 Bg7 7. O-O O-O 8. Rd1 Be6 9. c4 Nbd7 10. Nc3 Rc8 11. Bg5 b6 12. Rac1 a6 13. b3 Qc7 14.
Qe3 Rfe8 15. Nd5 Bxd5 16. cxd5 Qb7 17. Nd4 Nc5 18. f3 Ncd7 19. Nc6 Ne5 20. Nxe5 dxe5 21. Qd3 b5 22. Be3 Rxc1 23. Rxc1 Rc8 24. Qd2 Ne8 25. Rc3 Nd6 26. Qc1 Rxc3 27. Qxc3 h6 28. Kf2 g5 29.
Qc6 Kh7 30. Qxb7 Nxb7 31. b4 Kg6 32. a4 Nd6 33. a5 f5 34. Bd3 Kf6 35. Bc5 fxe4 36.
fxe4 h5 37. Bxd6 exd6 38. Bxb5 axb5 39. a6 1-0

[Event "*** Titled Tuesday Blitz"]
[Site "Chess.com"]
[Date "2020.04.28"]
[Round "7"]
[White "Boudicca64"]
[Black "Irina_Barchuk"]
[Result "0-1"]
[WhiteElo "1907"]
[BlackElo "2196"]
[TimeControl "180+1"]
[EndTime "11:17:36 PDT"]
[Termination "Irina_Barchuk won on time"]

1. d4 Nf6 2. c4 g6 3. Nc3 Bg7 4. e4 O-O 5. Be2 d6 6. Nf3 e5 7.
d5 a5 8. Bg5 Na6 9. Nd2 h6 10.
Bh4 Qe8 11. O-O Nh7 12. a3 h5 13. f3 Bd7 14. Qc2 Bh6 15. Rab1 Be3+ 16. Kh1 Bc5 17.
Qc1 a4 18. Qc2 Kh8 19. Nb5 Be3 20. Rbd1 Bxb5 21. cxb5 Nc5 22. Nc4 Bd4 23. b6 Qd7 24. f4 cxb6 25. Nxb6 Qc7 26. Nxa8 Rxa8 27. Qc4 Qd7 28.
Rxd4 exd4 29. Qxd4+ Kg8 30. e5 Rc8 31. Rc1 b6 32.
Bf3 Re8 33. Bf2 Qf5 34. Qd2 dxe5 35. Bxc5 bxc5 36. d6 e4 37. Be2 Nf6 0-1

[Event "*** Titled Tuesday Blitz"]
[Site "Chess.com"]
[Date "2020.04.28"]
[Round "7"]
[White "Popopuiyt"]
[Black "RodinMihail"]
[Result "0-1"]
[WhiteElo "2339"]
[BlackElo "2530"]
[TimeControl "180+1"]
[EndTime "11:17:37 PDT"]
[Termination "RodinMihail won by resignation"]

1. d4 d5 2. c4 e6 3. Nc3 c6 4. Nf3 Nf6 5. Bg5 dxc4 6. e4 b5 7. e5 h6 8. Bh4 g5 9. Nxg5 hxg5 10. Bxg5 Nbd7 11. g3 Qa5 12. exf6 Ba6 13. Bd2 O-O-O 14.
Be2 Qb6 15. Be3 c5 16. d5 Bb7 17. O-O Nxf6 18. Bf3 Nxd5 19. Nxd5 Bxd5 20. Bxd5 exd5 21. a4 b4 22. a5 Qe6 23. Qa4 Qd7 24. Qc2 d4 25. Bf4 Qd5 26. f3 Bd6 27. Bxd6 Rxd6 28. Rac1 c3 29. bxc3 bxc3 30. Rb1 Rf6 31. Qe2 d3 32. Qe3 Qd4 33. Qxd4 cxd4 34. Rb4 Rd6 35. Rfb1 Kd7 0-1

[Event "*** Titled Tuesday Blitz"]
[Site "Chess.com"]
[Date "2020.04.28"]
[Round "7"]
[White "Iyael"]
[Black "KaterinaMiroshnik"]
[Result "1-0"]
[WhiteElo "2160"]
[BlackElo "2382"]
[TimeControl "180+1"]
[EndTime "11:17:37 PDT"]
[Termination "Iyael won by resignation"]

1. e4 e6 2. d4 d5 3. Nc3 Nf6 4. e5 Nfd7 5. f4 c5 6. Nf3 Nc6 7. Be3 a6 8. Qd2 b5 9. a3 Qb6 10. dxc5 Bxc5 11. Bxc5 Nxc5 12. Bd3 Bb7 13. Qf2 Nd7 14.
Qxb6 Nxb6 15. Kf2 Nc4 16. b3 Nb6 17. a4 b4 18. Ne2 Kd7 19. Ned4 Rhc8 20. Nxc6 Rxc6 21.
Ng5 h6 22. Nxf7 Rf8 23. Bg6 Rc3 24. g3 d4 25. Rhd1 Nd5 26. Rxd4 Rxf7 27. Bxf7 Rxc2+ 28. Kg1 Ke7 29. Bg6 Rc3 30. Rd3 Rc5 31. Rad1 a5 32. Be4 Ba6 33. R3d2 Bb7 34. Rc2 Rxc2 35. Bxc2 Ne3 36.
Rd2 Bd5 37. Kf2 Ng4+ 38. Ke1 Ne3 39. Ke2 Nxc2 40. Rxc2 Bxb3 41. Rc5 Bxa4 42. Rxa5 Bd7 43. Kd3 Kf7 44. Kc4 Kg6 45. Kxb4 Bc6 46. Kc5 Bd5 47. Kd6 Bc4 48. Rc5 Bb3 49. Rc7 h5 50. h3 Bd5 51.
g4 hxg4 52. hxg4 Bf3 53. Kxe6 Bxg4+ 54. Kd6 Bf5 55. e6 Kf6 56. e7 Kf7 57. Ra7 g6 58.
Ra8 1-0

[Event "*** Titled Tuesday Blitz"]
[Site "Chess.com"]
[Date "2020.04.28"]
[Round "7"]
[White "CookiesAndIceCream"]
[Black "2008king"]
[Result "1-0"]
[WhiteElo "2362"]
[BlackElo "2068"]
[TimeControl "180+1"]
[EndTime "11:17:37 PDT"]
[Termination "CookiesAndIceCream won by resignation"]

1. e4 e5 2. Nf3 Nc6 3. Nc3 Nf6 4. Bb5 Nd4 5. Bc4 Nxf3+ 6. gxf3 Bc5 7. d3 d6 8. Be3 Bxe3 9. fxe3 Be6 10. Bb3 Nd7 11. Qd2 Qh4+ 12. Qf2 Qxf2+ 13. Kxf2 O-O-O 14. d4 Bxb3 15. axb3 a6 16. Rag1 g6 17. h4 h5 18. Rg5 Rhg8 19.
Rhg1 c6 20. f4 Rde8 21. f5 Nf8 22. Rxh5 exd4 23. exd4 c5 24. fxg6 fxg6 25. dxc5 gxh5 26. Rxg8 dxc5 27. Nd5 Rd8 28. Rg5 Ne6 29. Rxh5 Rf8+ 30. Rf5 Rg8 31. Ne7+ 1-0

[Event "*** Titled Tuesday Blitz"]
[Site "Chess.com"]
[Date "2020.04.28"]
[Round "7"]
[White "ItsCheckM8Mate"]
[Black "zajka-molotok"]
[Result "1-0"]
[WhiteElo "2261"]
[BlackElo "2371"]
[TimeControl "180+1"]
[EndTime "11:17:39 PDT"]
[Termination "ItsCheckM8Mate won by checkmate"]

1. e4 e5 2. Nf3 Nc6 3. Bb5 a6 4.
Ba4 b5 5. Bb3 Na5 6. Nxe5 Nxb3 7. axb3 Qe7 8. d4 d6 9. Nf3 Qxe4+ 10. Be3 Bf5 11. c3 Qd3 12. Qxd3 Bxd3 13. b4 Ne7 14. Kd2 Be4 15. Ke2 Nd5 16. Nbd2 Bg6 17. Ra5 c6 18. Rha1 Nc7 19. d5 Kd7 20. Nd4 c5 21. Nxb5 Nxd5 22.
Rxa6 Rxa6 23. Rxa6 cxb4 24. c4 Nxe3 25. Ra7+ Ke6 26.
Kxe3 Be7 27. Nc7+ Kf5 28. Ra5+ Kf6 29. Nd5+ Ke6 30. Ra7 Bg5+ 31. f4 Bf6 32. g4 Bxb2 33. Re7# 1-0

[Event "*** Titled Tuesday Blitz"]
[Site "Chess.com"]
[Date "2020.04.28"]
[Round "7"]
[White "Sashadav97"]
[Black "Tesla37"]
[Result "0-1"]
[WhiteElo "2742"]
[BlackElo "2884"]
[TimeControl "180+1"]
[EndTime "11:17:40 PDT"]
[Termination "Tesla37 won by resignation"]

1. d4 Nf6 2. c4 d6 3. Nc3 Nbd7 4. Nf3 e5 5. Bg5 h6 6. Bh4 Be7 7. e3 c6 8. Be2 O-O 9. O-O Re8 10.
Qc2 Qc7 11. Rad1 b6 12. Kh1 Bb7 13. c5 dxc5 14. dxe5 Nxe5 15. Bg3 Bd6 16. Nh4 Rad8 17. Nf5 Bf8 18. Bh4 Rxd1 19. Bxd1 Ba6 20. Be2 Bxe2 21. Qxe2 Ned7 22. Bg3 Ne5 23. Rd1 Qc8 24. Nd6 Bxd6 25.
Rxd6 Re6 26. Rxe6 Qxe6 27. Qa6 Ned7 28. Qxa7 Kh7 29. h3 b5 30. Qa5 Qc4 31. Kh2 b4 32. Na4 Qxa2 33. Qa6 Qd5 34. Nb6 Nxb6 35. Qxb6 Ne4 36. f3 Nxg3 37. Kxg3 Qe5+ 0-1

[Event "*** Titled Tuesday Blitz"]
[Site "Chess.com"]
[Date "2020.04.28"]
[Round "7"]
[White "Camels1981"]
[Black "Olga_Girya"]
[Result "1/2-1/2"]
[WhiteElo "2220"]
[BlackElo "2454"]
[TimeControl "180+1"]
[EndTime "11:17:40 PDT"]
[Termination "Game drawn by repetition"]

1. e4 c6 2. d4 d5 3. exd5 cxd5 4. c4 Nf6 5. Nc3 Nc6 6. Bg5 e6 7. c5 Be7 8. Nf3 O-O 9. Bb5 Ne4 10. Bf4 Bd7 11.
O-O a6 12. Bd3 f5 13. a3 Bf6 14. Bc2 Be8 15. Ne5 Nxe5 16. Bxe5 Bxe5 17. dxe5 Nxc5 18. b4 Ne4 19. Ne2 Bb5 20. Bd3 Bxd3 21. Qxd3 Qd7 22. f3 Ng5 23. Nd4 Rac8 24. Rac1 Rxc1 25. Rxc1 Rc8 26. Rc5 Rxc5 27. bxc5 Nf7 28. f4 Nd8 29.
Qb3 Nc6 30. Qc3 Nxd4 31. Qxd4 Qb5 32. Kf2 Qb1 33. g3 Qc2+ 34. Kg1 Qb3 35. c6 bxc6 36. Qc5 Qb1+ 37. Kf2 Qb8 38. Qxc6 Qb2+ 39. Kg1 Qb1+ 40. Kg2 Qe4+ 41. Kh3 h6 42. Qxe6+ Kh7 43. Qd7 d4 44. e6 Qe2 45. e7 Qg4+ 46. Kg2 Qe2+ 47.
Kg1 Qe1+ 48. Kg2 Qe2+ 49. Kg1 Qe1+ 50. Kg2 Qe2+ 1/2-1/2

[Event "*** Titled Tuesday Blitz"]
[Site "Chess.com"]
[Date "2020.04.28"]
[Round "7"]
[White "binbin239"]
[Black "GiorgianBarbosa"]
[Result "0-1"]
[WhiteElo "2426"]
[BlackElo "2321"]
[TimeControl "180+1"]
[EndTime "11:17:40 PDT"]
[Termination "GiorgianBarbosa won by resignation"]

1. d4 Nf6 2. c4 e6 3. Nf3 d5 4.
g3 c6 5. Qc2 Nbd7 6. Bg2 Be7 7.
O-O O-O 8. Nbd2 b6 9. e4 Bb7 10. Rd1 Rc8 11. b3 c5 12. exd5 exd5 13. cxd5 cxd4 14.
Qd3 Nxd5 15. Bb2 Nc3 16. Re1 Bf6 17. Nc4 Nc5 18. Qf5 Be4 19. Qg4 Bg6 20. Nfe5 b5 21. Nxg6 hxg6 22. Ne5 Bxe5 23. Rxe5 Nd3 24. Re2 Nxe2+ 25.
Qxe2 Nxb2 26. Qxb2 d3 27. Rd1 Rc2 28. Qa3 Qd4 29. Rf1 b4 30. Qa6 d2 31. Bf3 Rc1 32.
Bd1 Re8 33. Qb5 Re1 34. h4 0-1

[Event "*** Titled Tuesday Blitz"]
[Site "Chess.com"]
[Date "2020.04.28"]
[Round "7"]
[White "Kaponov"]
[Black "Konek-Gorbunok"]
[Result "0-1"]
[WhiteElo "2115"]
[BlackElo "2317"]
[TimeControl "180+1"]
[EndTime "11:17:40 PDT"]
[Termination "Konek-Gorbunok won by resignation"]

1. g3 e5 2. Bg2 f5 3. c4 Nf6 4. Nc3 g6 5. Nh3 Bg7 6. d3 O-O 7. O-O c6 8. Rb1 Kh8 9. f4 d6 10. b4 Be6 11. Bb2 Nbd7 12. Qc2 Ng4 13. Qd2 Qb6+ 14.
Nf2 exf4 15. Na4 Qe3 16. Qxe3 Nxe3 17. Bxg7+ Kxg7 18. gxf4 Nxf1 19. Kxf1 Nb6 20. Nc3 d5 21. c5 Nd7 22. e3 Rfe8 23. Nh3 Nf6 24. Ng5 Bg8 25.
Re1 Ng4 26. Nd1 Nxh2+ 27. Kg1 Ng4 28. Bh3 Nf6 29. Nf3 Re7 30. Ne5 Nd7 31. d4 Nxe5 32. dxe5 Rd8 33. Nb2 d4 34. Rd1 Red7 35. Nc4 Bxc4 0-1

[Event "*** Titled Tuesday Blitz"]
[Site "Chess.com"]
[Date "2020.04.28"]
[Round "7"]
[White "AnnaChessLook"]
[Black "pedromartinez91"]
[Result "0-1"]
[WhiteElo "2272"]
[BlackElo "2419"]
[TimeControl "180+1"]
[EndTime "11:17:42 PDT"]
[Termination "pedromartinez91 won by resignation"]

1. d4 d5 2. c4 c6 3. Nf3 Nf6 4. Nc3 e6 5. Bg5 h6 6. Bh4 g5 7. Bg3 Nh5 8. e4 dxe4 9. Nxe4 f5 10. Ne5 Bb4+ 11. Nc3 Nf6 12. f3 Qa5 13. Rc1 Nbd7 14. Bd3 f4 15. Bf2 Nxe5 16. dxe5 Qxe5+ 17. Kf1 Bd7 18. Ne4 Nxe4 19. Bxe4 Bc5 20. Qb3 O-O-O 21. g3 Bxf2 22.
Kxf2 g4 23. Rhe1 gxf3 24. Bxf3 fxg3+ 25. hxg3 Qc5+ 26. Kg2 h5 27. Qc3 h4 28. Re5 h3+ 29. Kh1 Qf2 30. Rg1 Rdf8 31. Re3 Rhg8 32. Qe1 Rxf3 0-1

[Event "*** Titled Tuesday Blitz"]
[Site "Chess.com"]
[Date "2020.04.28"]
[Round "7"]
[White "Oligan22"]
[Black "icychess54"]
[Result "0-1"]
[WhiteElo "2396"]
[BlackElo "2271"]
[TimeControl "180+1"]
[EndTime "11:17:42 PDT"]
[Termination "icychess54 won by resignation"]

1. e4 c5 2. Nf3 d6 3. d4 cxd4 4. Nxd4 Nf6 5. Nc3 Nc6 6. f4 e6 7. Nf3 Be7 8. Bd3 O-O 9. O-O a6 10. a4 Qc7 11. Kh1 b6 12. Qe1 Bb7 13. Qg3 Rfd8 14.
e5 Ne8 15. Ne4 Nb4 16. exd6 Nxd6 17. Nxd6 Qxd6 18. Ne5 Bf6 19. Be3 Nxd3 20. cxd3 Bxe5 21. fxe5 Qxd3 22. Qf2 Qg6 23. Bxb6 Rd5 24. Bc7 Rc8 25. Rac1 h5 26. Bd6 Rxc1 27. Rxc1 h4 28. h3 Rd3 29. Kh2 Qg5 30. Rf1 Rd2 31. Qxf7+ Kh7 32. Rf2 Qg3+ 33. Kg1 Rd1+ 0-1

[Event "*** Titled Tuesday Blitz"]
[Site "Chess.com"]
[Date "2020.04.28"]
[Round "7"]
[White "bancsoo"]
[Black "Batica1984"]
[Result "1-0"]
[WhiteElo "2700"]
[BlackElo "2800"]
[TimeControl "180+1"]
[EndTime "11:17:43 PDT"]
[Termination "bancsoo won by resignation"]

1. Nf3 c5 2. c4 Nf6 3. Nc3 e6 4. g3 b6 5. Bg2 Bb7 6. O-O a6 7. d4 cxd4 8. Qxd4 d6 9. Rd1 Nbd7 10. b3 Be7 11. e4 Qc8 12. Bb2 O-O 13. h3 Re8 14.
Nh2 Qc7 15. Ng4 Rac8 16. Rac1 h5 17. Nxf6+ Nxf6 18. Na4 e5 19. Qxb6 Bxe4 20. Qxc7 Rxc7 21. c5 Bxg2 22. Kxg2 dxc5 23. Bxe5 Rc6 24. Rc4 Bf8 25.
Bxf6 Rxf6 26. Rd2 Re5 27. Rdc2 Rff5 28. Nb2 Rd5 29. Ra4 g6 30. Rxa6 Bg7 31. Nc4 Bd4 32. a4 Rd7 33. Rb6 Kg7 34. a5 Ra7 35. a6 Rd5 36.
Ra2 h4 37. g4 Rdd7 38. Rd6 Re7 39. b4 Re1 40. b5 Rb1 41. b6 Re7 42. a7 Ree1 43.
a8=Q Rg1+ 44. Kf3 Rb3+ 45. Ke4 1-0

[Event "*** Titled Tuesday Blitz"]
[Site "Chess.com"]
[Date "2020.04.28"]
[Round "7"]
[White "goofypenguin96"]
[Black "Ghost_Pepper"]
[Result "0-1"]
[WhiteElo "2156"]
[BlackElo "2276"]
[TimeControl "180+1"]
[EndTime "11:17:43 PDT"]
[Termination "Ghost_Pepper won by resignation"]

1. e4 c5 2. Nc3 d6 3. h3 Nf6 4. g4 g6 5. Bg2 Bg7 6. d3 O-O 7. Nge2 Nc6 8. O-O Rb8 9. Ng3 b5 10. f4 b4 11. Nce2 Bb7 12. g5 Nd7 13. h4 f5 14.
exf5 gxf5 15. h5 Nd4 16. Nxd4 Bxd4+ 17. Kh2 Bxg2 18. Kxg2 Qc8 19. Qf3 Qb7 20. Ne2 Bh8 21. c3 Qxf3+ 22. Kxf3 e5 23. Bd2 e4+ 24. dxe4 fxe4+ 25. Kxe4 Rbe8+ 26. Kd3 c4+ 27. Kxc4 Rxe2 28. Rad1 bxc3 29.
Bxc3 Rc8+ 30. Kd5 Nb6+ 31. Kxd6 Bxc3 32. bxc3 Kf7 33. f5 Nc4+ 34. Kd5 Ne3+ 35. Kd4 Nxd1 36. Kd3 Re5 37. g6+ Kf6 38. gxh7 Ne3 39. Rg1 Rd8+ 40. Ke2 Nxf5+ 41. Kf3 Rh8 42. Rg6+ Kf7 43. Ra6 Re7 44. Kf4 Ng7 45. Rh6 Re6 46. Kg5 Rxh6 47. Kxh6 Nf5+ 48. Kg5 Rxh7 0-1

[Event "*** Titled Tuesday Blitz"]
[Site "Chess.com"]
[Date "2020.04.28"]
[Round "7"]
[White "petrkostenko"]
[Black "ElGasanov"]
[Result "0-1"]
[WhiteElo "2331"]
[BlackElo "2737"]
[TimeControl "180+1"]
[EndTime "11:17:44 PDT"]
[Termination "ElGasanov won on time"]

1. e4 c5 2. Nf3 Nc6 3. Bb5 Nf6 4. Qe2 g6 5. O-O Bg7 6. c3 O-O 7. d4 cxd4 8. cxd4 d5 9. e5 Ne4 10. Nc3 Bg4 11. Rd1 Bf5 12. Nh4 Nxc3 13. bxc3 Bd7 14.
f4 Rc8 15. Bd3 e6 16. Qe1 Na5 17. Ba3 Re8 18. Rab1 b6 19. g4 Nc4 20. Bc1 f5 21.
gxf5 exf5 22. Nf3 Nd6 23. Ba6 Rc7 24. Be3 Ne4 25. Rdc1 Bf8 26. c4 Ba3 27. cxd5 Bxc1 28. Rxc1 Bc8 0-1

[Event "*** Titled Tuesday Blitz"]
[Site "Chess.com"]
[Date "2020.04.28"]
[Round "7"]
[White "otrov-11"]
[Black "Richarzard69"]
[Result "1-0"]
[WhiteElo "2379"]
[BlackElo "2243"]
[TimeControl "180+1"]
[EndTime "11:17:44 PDT"]
[Termination "otrov-11 won on time"]

1. Nf3 d5 2. c4 c6 3. d4 Nf6 4.
Nc3 dxc4 5. a4 Bf5 6. e3 e6 7.
Bxc4 Bb4 8. O-O Nbd7 9. Qe2 Bg6 10. Rd1 O-O 11. Bd2 a5 12. Nh4 Bh5 13. f3 Nd5 14. g3 g5 15. Ng2 Qf6 16. Rf1 Qg7 17. Kh1 f5 18. e4 fxe4 19. Qxe4 Rae8 20. Rae1 Kh8 21. Nb1 e5 22. Bxd5 exd4 23. Qd3 Rxe1 24. Bxe1 cxd5 25. Bxb4 axb4 26. Qb5 Bxf3 27. Qxb4 Qe5 28.
Re1 Qf5 29. Qd2 Nc5 30. Qxd4+ Rf6 31. Qxc5 Bxg2+ 32. Kxg2 Qf3+ 33. Kg1 Kg7 34. Qd4 Kg6 35. Nc3 Qg4 36. Qxg4 1-0

[Event "*** Titled Tuesday Blitz"]
[Site "Chess.com"]
[Date "2020.04.28"]
[Round "7"]
[White "davidkalashian"]
[Black "Harsha_Bharathakoti"]
[Result "1-0"]
[WhiteElo "2573"]
[BlackElo "2727"]
[TimeControl "180+1"]
[EndTime "11:17:45 PDT"]
[Termination "davidkalashian won by resignation"]

1. d4 d5 2. Nf3 Nf6 3. c4 e6 4. Nc3 c6 5. Qd3 dxc4 6. Qxc4 b5 7. Qd3 Bb7 8. e4 b4 9. Na4 Nbd7 10. Be3 Qa5 11. b3 c5 12. dxc5 Bxe4 13. Qb5 Qxb5 14. Bxb5 a6 15. Bxd7+ Nxd7 16. Rc1 Rc8 17. Ke2 Bc6 18.
Nb6 Bb5+ 19. Kd2 Nxb6 20. cxb6 Rd8+ 21. Kc2 Bd3+ 22. Kb2 Be7 23. a4 bxa3+ 24. Ka2 O-O 25. Rhd1 Be4 26. Rxd8 Rxd8 27. Ne5 Kf8 28. Nc6 Bxc6 29.
Rxc6 Ke8 30. Bf4 e5 31. Bxe5 Kd7 32. Rc7+ Ke6 33. Rxe7+ Kxe7 34. b7 Ke6 35. b8=Q Rxb8 36. Bxb8 Kd5 37. Kxa3 Ke4 38. Ka4 Kd3 39. Ka5 f5 40. b4 Ke2 41. Kxa6 Kxf2 42. b5 Kxg2 43. b6 g5 44. Be5 f4 45. b7 f3 1-0

[Event "*** Titled Tuesday Blitz"]
[Site "Chess.com"]
[Date "2020.04.28"]
[Round "7"]
[White "TregubovP"]
[Black "Semen_Khanin"]
[Result "0-1"]
[WhiteElo "2510"]
[BlackElo "2706"]
[TimeControl "180+1"]
[EndTime "11:17:45 PDT"]
[Termination "Semen_Khanin won by resignation"]

1. e4 e5 2. Nf3 Nc6 3. Bb5 a6 4. Ba4 b5 5. Bb3 g6 6. d4 exd4 7. Bg5 Be7 8. h4 h6 9. Bf4 Bf6 10. e5 Bg7 11. O-O Nge7 12. Nbd2 Bb7 13. Re1 Nf5 14.
Ne4 O-O 15. Nc5 Bc8 16. h5 g5 17. Bh2 g4 18. Nd2 g3 19. fxg3 Ne3 20. Qf3 Rb8 21.
g4 Nxe5 22. Bxe5 Bxe5 23. Nd3 d6 24. Nxe5 dxe5 25. Qe4 Qg5 26. Nf3 Qxg4 27. Rxe3 dxe3 28. Qxe3 Bb7 29. Rf1 Bxf3 30. Rxf3 Qd4 31. Qxd4 exd4 0-1